 Dungeon Crawl Stone Soup version 0.27.0-1-g7a089689b8 (webtiles) character file.

Game seed: 18290632028688620583

10020 dolemite99 the Schismatic (level 11, -6/59 (60) HPs)
             Began as a Vine Stalker Abyssal Knight on Aug 7, 2021.
             Was an Elder of Lugonu.
             Mangled by a blink frog (8 damage)
             ... on level 11 of the Dungeon.
             The game lasted 00:26:15 (13987 turns).

dolemite99 the Schismatic (VSAK)                   Turns: 13987, Time: 00:26:16

HP:   -6/59 (60)    AC: 20    Str: 18    XL:     11   Next: 55%
MP:   0/19          EV:  5    Int: 18    God:    Lugonu [****..]
Gold: 96            SH:  0    Dex: 14    Spells: 10/10 levels left

rFire    + . .     SeeInvis .   a - +2 short sword (elec)
rCold    . . .     Faith    +   (no shield)
rNeg     . . .     Spirit   +   y - +0 plate armour {rF+}
rPois    .         Reflect  .   e - +1 hat
rElec    .         Harm     .   (no cloak)
rCorr    .         Rampage  .   k - +2 pair of gloves
Will     +....                  W - +0 pair of boots
Stlth    ..........             U - amulet of faith
HPRegen  1.19/turn              h - +6 ring of intelligence
MPRegen  0.16/turn              V - +4 ring of protection {=R}

@: lightly drained
A: fangs 3, regeneration 1, magic shield, antimagic bite, no potion heal 2
a: Renounce Religion, Depart the Abyss, Bend Space, Banish, Corrupt


You were on level 11 of the Dungeon.
You worshipped Lugonu.
Lugonu was greatly pleased with you.
You visited 2 branches of the dungeon, and saw 13 of its levels.
You visited the Abyss 1 time.
You also visited: Bailey.

You collected 782 gold pieces.
You spent 686 gold pieces at shops.

Inventory:

Hand Weapons
 a - a +2 short sword of electrocution (weapon)
 b - a +0 fustibalus of flaming
 f - a +1 short sword
 p - a +1 war axe of distortion
 q - a +0 dagger
 D - a +0 vampiric dagger
 G - the +4 quarterstaff "Roibeol" {vorpal, Dex+3}
   (You found it on level 6 of the Dungeon)

   It inflicts extra damage upon your enemies.
   Dex:       It affects your dexterity (+3).
 I - a +0 dagger of pain
 K - the +9 staff of Olgreb {rPois∞}
   (You acquired it in a bailey)

   If the wielder is skilled in Evocations, they can envenom those struck by it,
   dealing poison damage which bypasses armour.
   It enhances your poison magic.
   It grants immunity to poison.
   It can be evoked to radiate toxic energy, with effectiveness depending on
   Evocations skill.
 M - the +6 longbow "Ucalyw" {freeze, rF++ rC- Str+2 Stlth-}
   (You bought it in a shop on level 10 of the Dungeon)

   Any ammunition fired from it freezes those it strikes, dealing additional
   cold damage.
   It can also slow down cold-blooded creatures.
   Str:       It affects your strength (+2).
   rF:        It greatly protects you from fire.
   rC:        It makes you vulnerable to cold.
   Stlth:     It makes you less stealthy.
 P - a +3 scimitar
 R - a +0 dagger of venom
 T - the +6 short sword "Myizixes" {flame, Will+ Str+5}
   (You acquired it on level 3 of the Dungeon)

   It burns those it strikes, dealing additional fire damage.
   Str:       It affects your strength (+5).
   Will:      It increases your willpower.
Missiles
 c - 123 sling bullets
 d - 174 stones
 i - 5 atropa-tipped darts
 l - 285 arrows
 x - 9 boomerangs
 z - 42 poisoned darts
 L - 2 javelins (quivered)
 Q - a curare-tipped dart
Armour
 e - a +1 hat (worn)
 k - a +2 pair of gloves (worn)
 y - a +0 plate armour of fire resistance (worn)
 W - a +0 pair of boots (worn)
Jewellery
 h - a +6 ring of intelligence (left hand)
 m - an amulet of magic regeneration
 r - an amulet of the acrobat
 B - an amulet of reflection
 U - an amulet of faith (around neck)
 V - a +4 ring of protection (right hand) {=R}
Wands
 j - a wand of flame (10)
 t - a wand of paralysis (5)
 w - a wand of polymorph (29)
 C - a wand of digging (3)
 H - a wand of iceblast (5)
Scrolls
 g - 4 scrolls of teleportation
 n - 3 scrolls of amnesia
 F - a scroll of magic mapping
Potions
 s - 2 potions of lignification
 u - 3 potions of curing
 v - 4 potions of mutation
 A - 3 potions of ambrosia {unknown}
 E - 2 potions of haste {unknown}
 J - a potion of attraction
 N - a potion of heal wounds {unknown}
 O - a potion of experience {unknown}
 S - a potion of brilliance {unknown}


   Skills:
 - Level 8.1 Fighting
 - Level 9.5 Short Blades
 + Level 5.3 Slings
 - Level 3.5 Armour
 - Level 0.7 Dodging
 - Level 10.0 Invocations


You had 10 spell levels left.
You didn't know any spells.
Your spell library contained the following spells:

 Spells                   Type           Power      Damage    Failure   Level
 Summon Small Mammal      Summ           0%         N/A       100%        1
 Call Canine Familiar     Summ           0%         N/A       100%        3
 Portal Projectile        Hex/Tloc       0%         N/A       100%        3
 Stone Arrow              Conj/Erth      0%         3d7       100%        3
 Summon Guardian Golem    Hex/Summ       0%         N/A       100%        3
 Airstrike                Air            0%         N/A       100%        4
 Animate Armour           Summ/Erth      0%         N/A       100%        4
 Leda's Liquefaction      Hex/Erth       0%         N/A       100%        4
 Summon Lightning Spire   Summ/Air       0%         N/A       100%        4
 Lightning Bolt           Conj/Air       0%         1d11      100%        5
 Lehudib's Crystal Spear  Conj/Erth      0%         10d2      100%        8


Dungeon Overview and Level Annotations

Branches:
Dungeon (12/15)            Temple (0/1) D:6            Lair (1/6) D:11
    Orc (0/2) D:9          Bailey (visited)

Altars:
Ashenzari
Dithmenos
Elyvilon
Hepliaklqana
Makhleb
Nemelex Xobeh
Okawaru
Ru
Trog
Vehumet
Wu Jian
Yredelemnul
The Shining One

Shops:
D:10 (:   D:12 [

Annotations:
D:6 exclusion: statue
D:12 corrupted
Abyss:1 Nergalle


Innate Abilities, Weirdness & Mutations

You have razor-sharp teeth.
Your natural rate of healing is unusually fast.
When hurt, damage is shared between your health and your magic reserves.
Your bite disrupts and absorbs the magic of your enemies.
Potions cannot restore your health.


Message History

The blink frog blinks!
The cane toad closely misses you.
The cane toad stings you but does no damage.
The blink frog blinks!
You see here a +0 club.
Things that are here:
a +0 robe; a +0 short sword The blink frog blinks!
You barely miss the cane toad.
The cane toad is lightly wounded.
The cane toad barely misses you.
You hit the cane toad but do no damage.
The cane toad is lightly wounded.
The cane toad stings you but does no damage.
You barely miss the blink frog.
The blink frog is heavily wounded.
The cane toad stings you.
* * * LOW HITPOINT WARNING * * *
You hit the cane toad.
The cane toad is lightly wounded.
The blink frog hits you but does no damage.
You miss the blink frog. Your bite misses the blink frog.
The blink frog is heavily wounded.
The blink frog blinks!
The cane toad stings you.
* * * LOW HITPOINT WARNING * * *
The blink frog blinks!
You closely miss the blink frog. The cane toad closely misses you.
You hit the cane toad.
The cane toad is moderately wounded.
The blink frog hits you!
* * * LOW HITPOINT WARNING * * *
The blink frog blinks!
You puncture the cane toad!
Lightning courses through the cane toad!
The cane toad is almost dead.
The cane toad barely misses you.
You hit the cane toad but do no damage.
The cane toad is almost dead.
The cane toad completely misses you. The blink frog hits you!
You die...

###....#.....>...........#..###.
##...............................
.........#.....................##
.#...##..##......[#..........###
##...###..#...)P..#..........##
#..## ##.##.....##....##.....##
##..# #..###..)#########....#.##
#...####.#.....#F.# #.....##.#
#........##....#@## #.....##..
........####..§FF# #......###
........# #.....# ##......###
...###..## ##...## #........##
..## ##..## #...#######.###.....#
.## ##..###...........####.....
## #....#............###....) #
#..................##..... ##
#....#..##.......##......#


You could see a cane toad and 2 blink frogs.

Vanquished Creatures
  A death yak (D:11)
  6 centaur zombies
  A komodo dragon (D:11)
  Psyche (D:9)
  A kobold demonologist (D:10)
  A troll (D:9)
  Grinder (D:3)
  A shadow (D:9)
  A vampire (D:7)
  2 wyverns
  A basilisk (D:11)
  4 steam dragons
  Menkaure (D:5)
  A water moccasin (D:8)
  A sky beast (D:5)
  5 orc warriors
  4 necrophages
  An ice beast (D:5)
  2 black bears
  3 ogres (D:5)
  3 phantoms
  8 centaurs
  A bullfrog (D:8)
  2 kobold brigands
  A gnoll sergeant (D:9)
  4 scorpions
  2 wyvern skeletons (D:7)
  2 troll zombies (D:9)
  5 wights (D:10)
  An electric eel (Bailey)
  A howler monkey (D:8)
  A gnoll shaman (D:7)
  2 hounds
  A bullfrog skeleton (D:6)
  2 orc priests
  A centaur skeleton (D:5)
  An iron imp (D:12)
  Natasha (thrice) (D:4)
  2 iguanas
  11 orc wizards
  6 ogre zombies (D:9)
  A hound zombie (D:5)
  A hound skeleton (D:3)
  Robin (D:2)
  3 howler monkey skeletons (D:7)
  11 gnolls
  11 adders
  An ufetubus (D:4)
  A dart slug (D:5)
  3 worms
  29 orcs
  7 bats
  7 endoplasms
  5 giant cockroaches
  15 hobgoblins
  5 jackals
  2 quokkas
  12 ball pythons
  3 frilled lizards
  22 goblins
  2 hobgoblin zombies (D:9)
  15 kobolds
  6 orc skeletons (D:9)
  17 orc zombies (D:9)
  A quokka skeleton (D:4)
  3 rats
  A spectral hobgoblin (D:1)
284 creatures vanquished.

Vanquished Creatures (others)
  An obsidian statue (D:12)
  2 orc sorcerers (Bailey)
  4 orc warriors (Bailey)
  4 electric eels (Bailey)
  An iron imp (D:12)
  An orc wizard (D:4)
  3 gnolls (Bailey)
  3 orcs (Bailey)
  3 goblins (Bailey)
  4 hobgoblins (Bailey)
  A fungus (D:11)
  2 plants (D:11)
  12 starspawn tentacles (Bailey)
41 creatures vanquished.

Grand Total: 325 creatures vanquished

Notes
Turn   | Place    | Note
-------+----------+-------------------------------------------
     0 | Abyss:1  | dolemite99 the Vine Stalker Abyssal Knight began the quest
                  | for the Orb.
     0 | Abyss:1  | Reached XP level 1. HP: 11/11 MP: 3/3
    19 | D:1      | Escaped the Abyss
   337 | D:1      | Reached XP level 2. HP: 3/16 MP: 0/4
  1154 | D:1      | Found a faded altar of an unknown god.
  1587 | D:1      | Reached XP level 3. HP: 19/19 MP: 5/5
  2141 | D:2      | Reached ** piety under Lugonu
  3051 | D:2      | Noticed a necrophage
  3077 | D:2      | Killed a necrophage
  3078 | D:2      | Gained mutation: Your natural rate of healing is unusually
                  | fast. [Vine Stalker growth]
  3078 | D:2      | Reached XP level 4. HP: 5/23 MP: 6/6
  3078 | D:2      | Reached XP level 5. HP: 6/27 MP: 7/7
  3297 | D:2      | Noticed Robin
  3338 | D:2      | Killed Robin
  3339 | D:2      | Reached skill level 5 in Short Blades
  3732 | D:3      | HP: 1/27 [orc priest/nerve-wracking pain (5)]
  3733 | D:3      | Reached *** piety under Lugonu
  3734 | D:3      | Reached XP level 6. HP: 2/32 MP: 3/8
  3860 | D:3      | Found a sparkling altar of Nemelex Xobeh.
  3925 | D:3      | Noticed Grinder
  3943 | D:3      | Paralysed by Grinder for 2 turns
  3949 | D:3      | Paralysed by Grinder for 7 turns
  3963 | D:3      | Killed Grinder
  3964 | D:3      | Reached XP level 7. HP: 19/35 MP: 9/9
  4270 | D:3      | Found a hazy altar of Hepliaklqana.
  4298 | D:3      | Identified a scroll of acquirement
  4298 | D:3      | Acquired the +6 short sword "Myizixes" {flame, Will+ Str+5}
  4355 | D:3      | Found a broken altar of Ashenzari.
  4648 | D:4      | Noticed Natasha
  4693 | D:4      | Killed Natasha
  4886 | D:4      | Noticed Natasha
  4893 | D:4      | Killed Natasha
  4918 | D:4      | Noticed Natasha
  4925 | D:4      | Killed Natasha
  4926 | D:4      | Gained mutation: You have razor-sharp teeth. [Vine Stalker
                  | growth]
  4926 | D:4      | Reached XP level 8. HP: 37/39 MP: 10/10
  5082 | D:4      | Reached **** piety under Lugonu
  5515 | D:5      | Entered Level 5 of the Dungeon
  5808 | D:5      | Reached skill level 2 in Invocations
  5812 | D:5      | Reached skill level 3 in Invocations
  5901 | D:5      | Reached skill level 4 in Invocations
  5921 | D:5      | Found a sacrificial altar of Ru.
  6046 | D:5      | Reached XP level 9. HP: 43/43 MP: 13/13
  6062 | D:5      | Noticed Menkaure
  6075 | D:5      | Reached skill level 5 in Invocations
  6076 | D:5      | Killed Menkaure
  6099 | D:5      | Found a white marble altar of Elyvilon.
  6176 | D:5      | Reached skill level 6 in Invocations
  6342 | D:5      | Found a glowing golden altar of the Shining One.
  6353 | D:5      | Found an iron altar of Okawaru.
  6456 | D:6      | Found a radiant altar of Vehumet.
  6531 | D:6      | Found a staircase to the Ecumenical Temple.
  6663 | D:6      | Identified the +4 quarterstaff "Roibeol" {vorpal, Dex+3}
  6692 | D:6      | Reached skill level 7 in Invocations
  7237 | D:7      | Reached skill level 8 in Invocations
  7866 | D:7      | Reached ***** piety under Lugonu
  7867 | D:7      | Reached skill level 9 in Invocations
  8010 | D:8      | Reached XP level 10. HP: 47/47 MP: 16/18
  8086 | D:8      | Found a flagged portal.
  8102 | Bailey   | Entered a bailey
  8192 | Bailey   | Found an iron altar of Okawaru.
  8192 | Bailey   | Noticed an orc sorcerer
  8192 | Bailey   | Noticed an orc sorcerer
  8195 | Bailey   | Corrupted Bailey
  8195 | Bailey   | Noticed a thrashing horror
  8195 | Bailey   | Noticed a tentacled starspawn
  8195 | Bailey   | Noticed a smoke demon
  8195 | Bailey   | Noticed a tentacled starspawn
  8195 | Bailey   | Noticed a thrashing horror
  8195 | Bailey   | Noticed a tentacled starspawn
  8195 | Bailey   | Noticed a necromancer
  8195 | Bailey   | Noticed a thrashing horror
  8195 | Bailey   | Noticed a smoke demon
  8195 | Bailey   | Noticed a large abomination
  8195 | Bailey   | Noticed an Executioner
  8195 | Bailey   | Noticed a spatial maelstrom
  8195 | Bailey   | Noticed a tentacled starspawn
  8196 | Bailey   | Noticed a starcursed mass
  8196 | Bailey   | Noticed a thrashing horror
  8196 | Bailey   | Noticed a sixfirhy
  8199 | Bailey   | Killed an orc sorcerer
  8199 | Bailey   | Killed an orc sorcerer
  8295 | Bailey   | Noticed a starcursed mass
  8295 | Bailey   | Noticed a worldbinder
  8316 | Bailey   | Found the +4 Cigotuvi's embrace {rMiasma Drain rN+}
  8330 | Bailey   | Identified the +1 great mace "Imuiw" {chaos, rF++ rC+ Int-3
                  | SInv}
  8446 | Bailey   | Reached skill level 10 in Invocations
  8885 | Bailey   | Acquired the +9 staff of Olgreb {rPois∞}
  8886 | Bailey   | Found the +9 staff of Olgreb {rPois∞}
  9798 | D:9      | You fall into a shaft and drop 2 floors!
  9798 | D:11     | Found a staircase to the Lair.
  9798 | D:11     | Noticed a death yak
  9803 | D:10     | Entered Level 10 of the Dungeon
  9875 | D:10     | Found Waopn's Antique Weapon Boutique.
  9882 | D:10     | Bought a pitted longbow for 266 gold pieces
  9882 | D:10     | Identified the +6 longbow "Ucalyw" {freeze, rF++ rC- Str+2
                  | Stlth-} (You bought it in a shop on level 10 of the
                  | Dungeon)
  9917 | D:10     | Found a shadowy altar of Dithmenos.
  9917 | D:10     | Found a basalt altar of Yredelemnul.
  9924 | D:10     | Found a bloodstained altar of Trog.
  9926 | D:10     | Found an ornate altar of the Wu Jian Council.
  9928 | D:10     | Found a burning altar of Makhleb.
  9999 | D:10     | Found Pishot's Book Emporium.
 10076 | D:10     | Reached skill level 5 in Fighting
 10125 | D:10     | Noticed a kobold demonologist
 10138 | D:10     | Killed a kobold demonologist
 10327 | D:9      | Noticed Psyche
 10336 | D:9      | Killed Psyche
 10485 | D:9      | Reached XP level 11. HP: 60/60 MP: 17/19
 11012 | D:9      | Found a staircase to the Orcish Mines.
 11530 | D:10     | Bought a fustibalus for 420 gold pieces
 11616 | D:10     | Found the +5 scythe "Finisher" {speed, eviscerate}
 11853 | D:10     | Reached skill level 1 in Slings
 12122 | D:11     | Noticed Nergalle
 12128 | D:11     | Banished Nergalle
 12163 | D:11     | Found a sacrificial altar of Ru.
 12638 | D:11     | Killed a death yak
 12639 | D:11     | Reached skill level 5 in Slings
 12793 | D:11     | Identified the +1 robe of Duituv {rF+ Str+3 Archmagi}
 13358 | D:12     | Found Yghoh's Armour Shop.
 13417 | D:12     | Noticed an obsidian statue
 13423 | D:12     | Noticed a soul eater
 13429 | D:12     | Noticed a sixfirhy
 13430 | D:12     | Corrupted D:12
 13430 | D:12     | Noticed a cyan very ugly thing
 13430 | D:12     | Noticed a deep elf demonologist
 13430 | D:12     | Noticed a starcursed mass
 13430 | D:12     | Noticed a rakshasa
 13430 | D:12     | Noticed a dread lich
 13430 | D:12     | Noticed a sixfirhy
 13431 | D:12     | Noticed a boulder beetle
 13433 | D:12     | Noticed a Hell Sentinel
 13440 | D:12     | Killed an obsidian statue
 13807 | D:12     | Noticed a sixfirhy
 13954 | Lair:1   | Entered Level 1 of the Lair of Beasts
 13970 | D:11     | HP: 1/59 [blink frog (9)]
 13985 | D:11     | HP: 1/59 [blink frog (5)]
 13987 | D:11     | Mangled by a blink frog

Illustrated notes

Levels and vault maps discovered:
D:1:      scummos_arrival_hexagon, layout_loops_corners,
          dreamdust_ecumenical_altar_drowned_temple
D:2:      layout_basic, minmay_tetromino_o4, uniq_robin
D:3:      layout_rooms, marbit_many_paths, nicolae_overflow_hidden_temple,
          lemuel_coloured_pillars_altar, uniq_grinder
D:4:      layout_basic, kennysheep_opposing_triangles, uniq_natasha
D:5:      layout_loops_ring, general_overflow_altar,
          nicolae_overflow_crystal_walls, mainiacjoe_overflow_swirl,
          uniq_menkaure
D:6:      layout_cave_pools, vehumet_statue, minmay_temple_entry_grid,
          minmay_checkerbox
D:7:      layout_basic
D:8:      layout_layer_cave, enter_bailey_2
D:9:      layout_cave_pods, zombieorc2_lemuel, uniq_psyche
D:10:     layout_small_grid, chequers_temple_overflow_minitemple, serial_shops,
          shop, nicolae_shop_stone, chequers_serial_rivers_large_a, st_stairs_5
D:11:     layout_layer_cave, david_lair_generic, nicolae_ru_awakened_eye,
          uniq_nergalle
D:12:     layout_cross, serial_shops, shop, nicolae_shop_statue_plus,
          nicolae_stop_n_shop_1, shop, hangedman_devilish_allure
Lair:1:   layout_cave_pods, serial_rivers, chequers_serial_rivers_micro_b,
          chequers_serial_rivers_micro_c, chequers_serial_rivers_micro_b,
          chequers_serial_rivers_micro_b, serial_bayou_pond_c,
          grunt_forest_small_clearings, infiniplex_staircase_pool,
          grunt_megastairs_3, uniq_urug, uniq_erica

Skill      XL: |  1  2  3  4  5  6  7  8  9 10 11 |
---------------+----------------------------------+-----
Short Blades   | 2 3 4 5 6 8 9 |  9.5
Invocations    | 4 9 10 | 10.0
Fighting       | 8 |  8.1
Armour         | 3 |  3.5
Slings         | 5 |  5.3
Dodging        | |  0.7

Action                   |  1- 3 |  4- 6 |  7- 9 | 10-12 || total
-------------------------+-------+-------+-------+-------++-------
Melee: Short sword       |    90 |       |   249 |   359 ||   698
       Bite              |    33 |    50 |    85 |   116 ||   284
       Dagger            |    69 |   138 |    46 |       ||   253
 Fire: Fustibalus        |       |       |       |    81 ||    81
Throw: Dart              |       |       |    59 |     1 ||    60
       Boomerang         |       |       |       |    11 ||    11
       Javelin           |       |       |       |    15 ||    15
       Stone             |       |       |       |    19 ||    19
Invok: Banish            |       |       |       |     4 ||     4
       Bend Space        |       |       |       |     4 ||     4
       Corrupt           |       |       |       |     2 ||     2
Evoke: Wand              |       |       |    12 |     3 ||    15
  Use: Scroll            |     1 |       |     9 |    11 ||    21
       Potion            |       |       |       |     1 ||     1
Armor: Leather armour    |    36 |       |       |       ||    36
       Ring mail         |     5 |    45 |       |       ||    50
       Scale mail        |       |     6 |    23 |       ||    29
       Plate armour      |       |       |   129 |   269 ||   398
Dodge: Dodged            |   113 |    46 |    72 |   105 ||   336
